 Dungeon Crawl Stone Soup version 0.27-a0-1196-g3e9cee4cb2 (webtiles) character file.

Game seed: 6756321599016600156

268 Azzok the Chopper (level 6, 32/47 HPs)
             Began as a Demonspawn Berserker on May 29, 2021.
             Was a Believer of Trog.
             Quit the game on level 4 of the Dungeon.
             The game lasted 00:02:42 (3041 turns).

Azzok the Chopper (Demonspawn Berserker)            Turns: 3041, Time: 00:02:43

Health: 32/47      AC:  9    Str: 19    XL:     6   Next: 0%
Magic:  6/6        EV: 11    Int:  9    God:    Trog [**....]
Gold:   98         SH:  4    Dex: 12    Spells: 5/5 levels left

rFire    . . .     SeeInvis .   o - +0 war axe
rCold    . . .     Faith    .   (no shield)
rNeg     . . .     Spirit   .   c - +0 leather armour
rPois    .         Reflect  .   (no helmet)
rElec    .         Harm     .   i - +2 cloak
rCorr    +         Rampage  .   m - +0 pair of gloves
Will     .....                  (no boots)
Stlth    +.........             (no amulet)
HPRegen  0.15/turn              j - ring of resist corrosion
MPRegen  0.10/turn              (no ring)

@: no status effects
A: hooves 1, yellow scales 1, spiny 1, condensation shield
a: Renounce Religion, Berserk, Trog's Hand


You were on level 4 of the Dungeon.
You worshipped Trog.
Trog was pleased with you.
You visited 1 branch of the dungeon, and saw 4 of its levels.

You collected 98 gold pieces.

Inventory:

Hand Weapons
 o - a +0 war axe (weapon)
Armour
 c - a +0 leather armour (worn)
 i - a +2 cloak (worn)
 m - a +0 pair of gloves (worn)
Jewellery
 j - a ring of resist corrosion (left hand)
Wands
 k - a wand of paralysis (7)
Scrolls
 b - 3 scrolls of identify {unknown}
 d - a scroll of summoning {unknown}
 g - a scroll of enchant weapon {unknown}
 h - 2 scrolls of teleportation {unknown}
Potions
 a - a potion of ambrosia {unknown}
 e - a potion of haste {unknown}
 f - a potion of flight {unknown}
 l - a potion of attraction {unknown}
 n - a potion of resistance {unknown}
 p - 2 potions of curing {unknown}


   Skills:
 - Level 3.0 Fighting
 + Level 6.2 Axes
 - Level 1.7 Armour
 - Level 1.7 Dodging


You had 5 spell levels left.
You didn't know any spells.
Your spell library was empty.

Dungeon Overview and Level Annotations

Branches:
Dungeon (4/15)
 Temple: D:4-7

Altars:
Elyvilon
Okawaru
Trog

Annotations:
D:3 2 transporters, Finra's ghost, weakling GrFi


Innate Abilities, Weirdness & Mutations

You have large cloven feet.
You are partially covered in yellow scales. (AC +2)
You are partially covered in sharp spines.
A meltable shield of frost defends you. (SH +4)


Message History

You barely miss the orc. You slash the adder! The adder misses you.
The orc barely misses you. The adder bites you but does no damage.
The orc closely misses you.
Found a pair of boots.
Items here: )) [ †.
You hit the orc. You kick the orc.
The orc is heavily wounded.
You closely miss the adder. The adder misses you.
The orc hits you with a +0 falchion. The adder bites you but does no damage.
You completely miss the orc.
The orc is heavily wounded.
You closely miss the adder. The adder misses you.
The orc hits you but does no damage.
You slash the orc!
You kill the orc!
Trog accepts your kill.
You closely miss the adder. The adder bites you.
You are poisoned.
The adder poisons you! The adder bites you but does no damage.
You feel sick.
Items here: ( )) [[ †.
You barely miss the adder.
The adder is almost dead.
You feel sick. You block the adder's attack. The adder barely misses you.
You closely miss the adder. Your kick misses the adder.
The adder is almost dead.
You feel sick. The adder bites you but does no damage.
You slash the adder!
You kill the adder!
Trog accepts your kill.
You feel sick.
You have reached level 6!
Your experience leads to an increase in your attributes!
Increase (S)trength, (I)ntelligence, or (D)exterity?
You feel stronger.
Your demonic ancestry asserts itself...
Sharp spines emerge from parts of your body.
You feel sick. x2
You are no longer poisoned.
A hobgoblin comes into view.
Are you sure you want to abandon this character and quit the game? (Confirm with "yes".)

▒·▒··▒·▒···▒▒
▒▒·····!·····▒▒▒
▒··············
▒·······▒·▒·▒▒ ▒
▒▒·······▒▒···▒▒
▒▒▒▒▒·······?···!··▒▒
·▒▒·▒▒··············▒
·····▒▒▒········)···▒···
·····▒▒▒·····▒··@······▒
·············▒·········▒
·············(····▒···▒▒
·······▒·▒·····▒··▒·····
·········▒▒···▒▒··· ···[
····▒▒·▒······▒·▒▒▒· ·g·
····▒▒▒▒········ ·····
···· ·····▒·▒· · ····
·····▒▒▒


You could see a hobgoblin (wandering).

Vanquished Creatures
  An ice beast (D:3)
  An orc wizard (D:4)
  A hound skeleton (D:4)
  7 adders
  A worm (D:2)
  2 dart slugs
  4 orcs
  7 endoplasms
  2 giant cockroaches
  3 hobgoblins
  7 jackals (D:1)
  6 kobolds
  A quokka (D:1)
  6 ball pythons
  4 bats
  6 frilled lizards
  3 goblins
  3 rats
65 creatures vanquished.

Notes
Turn   | Place    | Note
-------+----------+-------------------------------------------
     0 | D:1      | Azzok the Demonspawn Berserker began the quest for the Orb.
     0 | D:1      | Reached XP level 1. HP: 18/18 MP: 1/1
   103 | D:1      | Reached skill level 3 in Axes
   341 | D:1      | Gained mutation: You are partially covered in yellow
                  | scales. (AC +2) [demonic ancestry]
   341 | D:1      | Reached XP level 2. HP: 22/24 MP: 2/2
  1243 | D:2      | Found a faded altar of an unknown god.
  1249 | D:2      | Reached XP level 3. HP: 29/29 MP: 3/3
  1258 | D:2      | Reached skill level 4 in Axes
  1609 | D:2      | You fall into a shaft and drop 2 floors!
  1624 | D:4      | Gained mutation: A meltable shield of frost defends you.
                  | (SH +4) [demonic ancestry]
  1624 | D:4      | Reached XP level 4. HP: 35/35 MP: 4/4
  1751 | D:3      | Reached ** piety under Trog
  2032 | D:2      | Reached skill level 5 in Axes
  2528 | D:3      | Found an iron altar of Okawaru.
  2529 | D:3      | Found a bloodstained altar of Trog.
  2769 | D:3      | Noticed Finra's ghost (weakling GrFi)
  2771 | D:3      | Found a transporter.
  2772 | D:3      | Found a transporter.
  2833 | D:3      | Noticed an ice beast
  2852 | D:3      | Killed an ice beast
  2853 | D:3      | Gained mutation: You have large cloven feet. [demonic
                  | ancestry]
  2853 | D:3      | Reached XP level 5. HP: 33/41 MP: 5/5
  3017 | D:4      | Reached skill level 6 in Axes
  3028 | D:4      | Gained mutation: You are partially covered in sharp spines.
                  | [demonic ancestry]
  3028 | D:4      | Reached XP level 6. HP: 32/47 MP: 6/6
  3041 | D:4      | Quit the game

Illustrated notes

Levels and vault maps discovered:
D:1:      psy_arrival_whirlpool, layout_basic
D:2:      minmay_diamond_boxcup, layout_rooms,
          hellmonk_ecumenical_altar_crossroads, due_unseen_surprise
D:3:      layout_loops_ring, grunt_temple_overflow_bloody_war,
          overflow_temple_1_default, gammafunk_ghost_mausoleum
D:4:      layout_cave_pools

Skill      XL: |  1  2  3  4  5 |
---------------+----------------+-----
Axes           | 3 4 5 6 |  6.2
Fighting       | |  3.0
Armour         | |  1.7
Dodging        | |  1.7

Action                   |  1- 3 |  4- 6 || total
-------------------------+-------+-------++-------
Melee: Hand axe          |   102 |    76 ||   178
       War axe           |       |    40 ||    40
       Kick              |       |     3 ||     3
Invok: Berserk           |     2 |       ||     2
 Stab: Sleeping          |       |     2 ||     2
Armor: Leather armour    |    43 |    43 ||    86
Dodge: Dodged            |    63 |    65 ||   128
Block: Other             |       |    17 ||    17

Table legend: (Time is in decaauts)
 A = Elapsed time spent in this place.
 B = Non-inter-level travel time spent in this place.
 C = Inter-level travel time spent in this place.
 D = Time resting spent in this place.
 E = Time spent auto-exploring this place.
 F = Levels seen in this place.
 G = Mean time per level.
                   A        B        C        D        E       F      G
               +--------+--------+--------+--------+--------+-----+--------+
         Total |   3079 |   3006 |     73 |     65 |   2437 |   4 |  769.8 |
       Dungeon |   3079 |   3006 |     73 |     65 |   2437 |   4 |  769.8 |
               +--------+--------+--------+--------+--------+-----+--------+

Top non-repeatable levels by time:
     D:1: 1190 daAuts
     D:2: 877 daAuts
     D:3: 825 daAuts
     D:4: 186 daAuts
